 Dungeon Crawl Stone Soup version 0.30.0-29-ga12c61a403 (webtiles) character file.

Game seed: 4518509140664825041

47 GeoRichter the Sneak (level 3, -2/31 HPs)
             Began as a Demigod Brigand on June 24, 2023.
             Succumbed to a gnoll's poison
             ... on level 2 of the Dungeon.
             The game lasted 00:02:55 (1242 turns).

GeoRichter the Sneak (Demigod Brigand)              Turns: 1242, Time: 00:02:56

Health: -2/31      AC:  6    Str: 12    XL:     3   Next: 29%
Magic:  5/5        EV: 11    Int: 13    God:
Gold:   44         SH:  0    Dex: 19    Spells: 2/2 levels left

rFire   . . .        a - +4 dagger
rCold   . . .        (no shield)
rNeg    . . .        r - +0 leather armour
rPois   .            (no helmet)
rElec   .            c - +0 cloak
rCorr   .            g - +0 pair of gloves
SInv    .            v - +0 pair of boots
Will    .....        (no amulet)
Stlth   +++          (no ring)
HPRegen 0.25/turn    (no ring)
MPRegen 0.09/turn

%: no passive effects
@: lethally poisoned (-2 -> -12)
A: high MP 1, forlorn, divine attributes
a: no special abilities


You were on level 2 of the Dungeon.
You visited 1 branch of the dungeon, and saw 4 of its levels.

You collected 44 gold pieces.

Inventory:

Hand Weapons
 a - a +4 dagger (weapon)
   (You took it off a goblin on level 1 of the Dungeon)
 b - a +0 long sword
   (You found it on level 1 of the Dungeon)
Missiles
 d - 9 poisoned darts (quivered)
 e - 3 curare-tipped darts {!f}
Armour
 c - a +0 cloak (worn)
 g - a +0 pair of gloves (worn)
   (You found it on level 1 of the Dungeon)
 r - a +0 leather armour (worn)
   (You found it on level 3 of the Dungeon)
 v - a +0 pair of boots (worn)
   (You found it on level 2 of the Dungeon)
Scrolls
 h - a scroll of butterflies {unknown}
 i - a scroll of teleportation {unknown}
 j - a scroll of amnesia {unknown}
 l - 2 scrolls of vulnerability {unknown}
 m - a scroll of magic mapping {unknown}
 o - a scroll of identify {unknown}
 p - a scroll of enchant weapon {unknown}
 q - a scroll of enchant armour {unknown}
 s - a scroll of brand weapon {unknown}
 t - a scroll of poison {unknown}
 x - a scroll of fear {unknown}
Potions
 f - a potion of heal wounds {unknown}
 k - 2 potions of attraction {unknown}
 n - a potion of magic {unknown}
 u - 2 potions of resistance {unknown}


   Skills:
 + Level 3.2 Fighting
 - Level 1.7(2.0) Short Blades
 * Level 1.2(1.7) Long Blades
 - Level 1.7 Throwing
 - Level 0.8 Dodging
 - Level 3.6 Stealth


You had 2 spell levels left.
You didn't know any spells.
Your spell library contained the following spells:

 Spells                   Type           Power      Damage    Failure   Level
 Kiss of Death            Conj/Necr      0%         2d5       36%         1
 Summon Small Mammal      Summ           0%         N/A       36%         1
 Call Imp                 Summ           0%         N/A       52%         2
 Haunt                    Necr/Summ      0%         N/A       100%        7
 Summon Horrible Things   Summ           0%         N/A       100%        8


Dungeon Overview and Level Annotations

Branches:
Dungeon (4/15) Zot: 22768
 Temple: D:4-7


Innate Abilities, Weirdness & Mutations

You have an increased reservoir of magic. (+10% MP)
You shall have no god before yourself.
Your divine heritage dramatically boosts your attributes as you level up.


Message History

The jackal closely misses you.
The gnoll hits you from afar with a +1 spear of venom!
* * * LOW HITPOINT WARNING * * *
The jackal closely misses you.
* * * LOW HITPOINT WARNING * * *
You feel sick. The jackal misses you.
You hit the jackal.
You kill the jackal!
* * * LOW HITPOINT WARNING * * *
You feel sick. The gnoll closely misses you.
It was a potion of curing.
You feel better.
The jackal bites you but does no damage.
The gnoll hits you from afar with a +1 spear of venom.
* * * LOW HITPOINT WARNING * * *
You are lethally poisoned!
The jackal bites you but does no damage.
You puncture the jackal!
You kill the jackal!
* * * LOW HITPOINT WARNING * * *
You feel very sick. The gnoll closely misses you.
* * * LOW HITPOINT WARNING * * *
You feel very sick. The gnoll barely misses you.
There is an open door, spattered with blood here.
You see here a jackal corpse.
You feel better.
The gnoll hits you with a +1 spear of venom.
* * * LOW HITPOINT WARNING * * *
You are poisoned.
You closely miss the gnoll.
You feel sick. The gnoll barely misses you.
Unknown command.
You hit the gnoll.
The gnoll is lightly wounded.
You feel sick.
The gnoll hits you with a +1 spear of venom.
* * * LOW HITPOINT WARNING * * *
You are lethally poisoned!
You hit the gnoll.
The gnoll is severely wounded.
* * * LOW HITPOINT WARNING * * *
You feel very sick. The gnoll closely misses you.
You barely miss the gnoll.
The gnoll is severely wounded.
* * * LOW HITPOINT WARNING * * *
You feel sick. The gnoll barely misses you.
You hit the gnoll.
The gnoll is severely wounded.
You die...

#######......).<...# ##
#........#.###...
#......###.###.##
########...............#
......###.....###.#.##.#
......# ###.### #...##.#
......# ### #..... ......#
#+#+#P.#### ......#
#...@...### ......#
#..g#P....#
..###########...#..##.#
...........######.....#
####.......##...#..#..#######
#.......##...#..#........#
#.......>................#
#............#...#.......#
#........#...............#


You could see a gnoll.

Vanquished Creatures
  A dart slug (D:1)
  An orc (D:3)
  3 ball pythons (D:1)
  3 bats
  5 endoplasms
  3 giant cockroaches (D:1)
  5 hobgoblins
  2 jackals (D:2)
  3 frilled lizards (D:1)
  4 goblins
  7 kobolds
  2 rats
39 creatures vanquished.

Notes
Turn   | Place    | Note
-------+----------+-------------------------------------------
     0 | D:1      | GeoRichter the Demigod Brigand began the quest for the Orb.
     0 | D:1      | Reached XP level 1. HP: 17/17 MP: 3/3
   208 | D:1      | Reached XP level 2. HP: 25/25 MP: 4/4
   303 | D:1      | Got Sif Muna's Grimoire of Unholy Creation
   685 | D:2      | You fall into a shaft and drop 2 floors!
   910 | D:2      | Reached XP level 3. HP: 28/31 MP: 5/5
  1006 | D:2      | Reached skill level 1 in Long Blades
  1009 | D:2      | Identified the +0 dagger of the Walnut {venom, Contam rF++
                  | Int+3 Stlth+}
  1241 | D:2      | HP: 1/31 [poisoned by a gnoll]
  1242 | D:2      | Succumbed to a gnoll's poison

Illustrated notes

Levels and vault maps discovered:
D:1:      dpeg_arrival_fog, layout_loops_ring,
          shapermc_ecumenical_altar_flowoftime, minmay_tromino_v2
D:2:      layout_basic, cheibrodos_gnoll_hut
D:3:      layout_basic, serial_shops, nicolae_shop_statue_plus
D:4:      layout_layer_cave, ebering_ghost_disaster_area, minmay_crystal_water,
          kennysheep_generic_room_7, uniq_menkaure

Skill      XL: |  1  2  3 |
---------------+----------+-----
Fighting       | 2 3 |  3.2
Long Blades    | 1 |  1.2
Short Blades   | |  1.7
Throwing       | |  1.7
Dodging        | |  0.8
Stealth        | |  3.6

Action                     || total
---------------------------++-------
  Melee: Dagger            ||   101
  Throw: Dart              ||     1
    Use: Potion            ||     2
   Stab: Sleeping          ||    10
 Armour: Robe              ||    17
         Leather armour    ||    19
  Dodge: Dodged            ||    64
